 Dungeon Crawl Stone Soup version 0.28-a0-779-g3d1f99b579 (webtiles) character file.

Game seed: 15727748903697195849

254 ytrimaz the Chopper (level 5, 12/42 HPs)
             Began as a Demonspawn Berserker on Nov 2, 2021.
             Was a Priest of Trog.
             Quit the game on level 4 of the Dungeon.
             The game lasted 00:05:13 (3337 turns).

ytrimaz the Chopper (Demonspawn Berserker)          Turns: 3337, Time: 00:05:14

Health: 12/42      AC:  2    Str: 19    XL:     5   Next: 91%
Magic:  5/5        EV: 13    Int:  8    God:    Trog [***...]
Gold:   201        SH:  0    Dex: 16    Spells: 4/4 levels left

rFire   . . .      SeeInvis .   g - +1 short sword (venom)
rCold   . . .      Faith    .   (no shield)
rNeg    . . .      Spirit   .   b - +0 animal skin
rPois   .          Reflect  .   (no helmet)
rElec   .          Harm     .   h - scarf {+Inv}
rCorr   .          Rampage  .   (no gloves)
Will    .....                   (no boots)
Stlth   +++.......              k - amulet of regeneration
HPRegen 1.14/turn               (no ring)
MPRegen 0.09/turn               (no ring)

@: no status effects
A: thin skeletal structure 2, demonic magic 1
a: Renounce Religion, Evoke Invisibility, Berserk, Trog's Hand


You were on level 4 of the Dungeon.
You worshipped Trog.
Trog was most pleased with you.
You visited 1 branch of the dungeon, and saw 4 of its levels.

You collected 201 gold pieces.

Inventory:

Hand Weapons
 a - a +0 hand axe of flaming
 g - a +1 short sword of venom (weapon)
 p - a +4 dagger
Armour
 b - a +0 animal skin (worn)
 h - a scarf of invisibility (worn)
Jewellery
 k - an amulet of regeneration (around neck)
 o - an amulet of the acrobat
Scrolls
 c - 2 scrolls of teleportation
 d - a scroll of enchant weapon
 f - 2 scrolls of fog
 m - a scroll of amnesia
Potions
 e - a potion of heal wounds {unknown}
 i - a potion of berserk rage
 j - a potion of ambrosia
 l - a potion of lignification
 n - a potion of resistance {unknown}


   Skills:
 + Level 4.0 Fighting
 + Level 0.7 Short Blades
 + Level 4.3 Axes
 - Level 1.9 Armour
 * Level 3.1 Dodging
 * Level 1.5 Evocations


You had 4 spell levels left.
You didn't know any spells.
Your spell library was empty.

Dungeon Overview and Level Annotations

Branches:
Dungeon (4/15)
 Temple: D:4-7

Altars:
Fedhas

Shops:
D:2 (   D:3 [


Innate Abilities, Weirdness & Mutations

You have a moderately thin skeletal structure. (Dex +4, Stealth++)
Spells you cast may paralyse adjacent enemies.


Message History

The gnoll is heavily wounded.
The gnoll hits you from afar with a +0 spear!
The gnoll closely misses you.
You hit the gnoll.
You kill the gnoll!
Trog accepts your kill. The gnoll misses you.
The gnoll hits you from afar with a +0 spear!
Your Dodging skill increases to level 3!
You hit the gnoll.
The gnoll is poisoned.
The gnoll is moderately wounded.
The gnoll barely misses you.
The gnoll hits you from afar with a +0 spear.
The gnoll hits you with a +0 flail.
You hit the gnoll.
The gnoll is severely wounded.
The gnoll hits you from afar with a +0 spear.
The gnoll misses you. The gnoll barely misses you.
The gnoll hits you with a +0 flail.
* * * LOW HITPOINT WARNING * * *
Things that are here:
a +0 club; an adder corpse You hit the gnoll.
The gnoll is poisoned.
The gnoll is heavily wounded.
You kill the gnoll!
Trog accepts your kill. The gnoll hits you with a +0 spear.
* * * LOW HITPOINT WARNING * * *
Your Fighting skill increases to level 4!
You hit the gnoll.
The gnoll looks as sick as possible!
The gnoll is severely wounded.
The gnoll hits you with a +0 spear.
* * * LOW HITPOINT WARNING * * *
The gnoll misses you.
You hit the gnoll but do no damage.
The gnoll looks as sick as possible!
The gnoll is almost dead.
You kill the gnoll!
Trog accepts your kill.
You see here a +0 spear.
Are you sure you want to abandon this character and quit the game? (Confirm with "yes".)

##........#
##.........##
##...........#
#.(..........#
#...(........#
#...........#.#
#....$......#.#
#...$)).....# .
#....@......#
#...........#
##..........#
##.........#
##........#
##......##
###...## #..#


There were no monsters in sight!

Vanquished Creatures
  A centaur skeleton (D:3)
  Terence (D:2)
  An orc wizard (D:4)
  A killer bee zombie (D:4)
  4 adders
  3 gnolls (D:4)
  5 worms
  3 dart slugs
  6 orcs
  4 ball pythons
  3 bats
  8 endoplasms
  A giant cockroach (D:1)
  3 goblins
  7 hobgoblins
  3 jackals (D:3)
  5 kobolds
  A quokka (D:3)
  5 frilled lizards
  3 rats
68 creatures vanquished.

Vanquished Creatures (others)
  A demonic plant (D:2)
  A plant (D:1)
2 creatures vanquished.

Grand Total: 70 creatures vanquished

Notes
Turn   | Place    | Note
-------+----------+-------------------------------------------
     0 | D:1      | ytrimaz the Demonspawn Berserker began the quest for the
                  | Orb.
     0 | D:1      | Reached XP level 1. HP: 18/18 MP: 1/1
   576 | D:1      | Gained mutation: You have a somewhat thin skeletal
                  | structure. (Dex +2, Stealth+) [demonic ancestry]
   576 | D:1      | Reached XP level 2. HP: 22/24 MP: 2/2
   602 | D:1      | You fall into a shaft and drop 1 floor!
   626 | D:2      | Found a faded altar of an unknown god.
   626 | D:2      | Noticed a chaos spawn
  1279 | D:2      | Found Rogauq's Weapon Shop.
  1340 | D:2      | Reached XP level 3. HP: 20/29 MP: 3/3
  1630 | D:2      | Reached ** piety under Trog
  1952 | D:2      | Noticed Terence
  1960 | D:2      | Killed Terence
  1961 | D:2      | Gained mutation: You have a moderately thin skeletal
                  | structure. (Dex +4, Stealth++) [demonic ancestry]
  1961 | D:2      | Reached XP level 4. HP: 28/36 MP: 4/4
  2645 | D:3      | Found a blossoming altar of Fedhas.
  2704 | D:3      | Gained mutation: Spells you cast may paralyse adjacent
                  | enemies. [demonic ancestry]
  2704 | D:3      | Reached XP level 5. HP: 32/42 MP: 5/5
  2795 | D:3      | Found Huirug's Antique Armour Shop.
  3011 | D:3      | Reached skill level 1 in Evocations
  3333 | D:4      | Reached *** piety under Trog
  3337 | D:4      | Quit the game

Illustrated notes

Levels and vault maps discovered:
D:1:      sevenhm_arrival_forest_fort_large_4, layout_rooms
D:2:      layout_loops_ring, dreamdust_ecumenical_altar_sealed_demon,
          serial_shops, shop, uniq_terence
D:3:      layout_basic, fedhas_altar_2, serial_shops, shop
D:4:      layout_cave_pods, hangedman_abyss_or_decor_lesser_grid,
          chequers_serial_rivers_small_a, uniq_pikel

Skill      XL: |  1  2  3  4  5 |
---------------+----------------+-----
Axes           | 3 4 |  4.3
Dodging        | 2 3 |  3.1
Evocations     | 1 |  1.5
Fighting       | 4 |  4.0
Short Blades   | |  0.7
Armour         | |  1.9

Action                   |  1- 3 |  4- 6 || total
-------------------------+-------+-------++-------
Melee: Hand axe          |    87 |    39 ||   126
       Short sword       |       |    80 ||    80
Invok: Berserk           |       |     1 ||     1
  Use: Scroll            |     4 |     5 ||     9
 Stab: Sleeping          |     6 |     8 ||    14
       Distracted        |     1 |       ||     1
Armor: Animal skin       |    11 |    12 ||    23
Dodge: Dodged            |    41 |   113 ||   154

Table legend: (Time is in decaauts)
 A = Elapsed time spent in this place.
 B = Non-inter-level travel time spent in this place.
 C = Inter-level travel time spent in this place.
 D = Time resting spent in this place.
 E = Time spent auto-exploring this place.
 F = Levels seen in this place.
 G = Mean time per level.
                   A        B        C        D        E       F      G
               +--------+--------+--------+--------+--------+-----+--------+
         Total |   3372 |   3323 |     49 |    169 |   2437 |   4 |  843.0 |
       Dungeon |   3372 |   3323 |     49 |    169 |   2437 |   4 |  843.0 |
               +--------+--------+--------+--------+--------+-----+--------+

Top non-repeatable levels by time:
     D:2: 1289 daAuts
     D:1: 1210 daAuts
     D:3: 681 daAuts
     D:4: 190 daAuts
